 Dungeon Crawl Stone Soup version 0.30.1-11-g7821555f0a (webtiles) character file.

Game seed: 11445320020984558834

2771 SacredBeard the Skirmisher (level 9, -2/48 HPs)
             Began as a Deep Elf Hexslinger on Oct 31, 2023.
             Slain by a vampire mosquito (6 damage)
             ... on level 8 of the Dungeon.
             The game lasted 00:28:23 (7669 turns).

SacredBeard the Skirmisher (Deep Elf Hexslinger)    Turns: 7669, Time: 00:28:24

Health: -2/48      AC:  7    Str:  7    XL:     9   Next: 42%
Magic:  20/20      EV: 14    Int: 19    God:
Gold:   535        SH:  0    Dex: 19    Spells: 13/20 levels left

rFire   . . .        e - +1 sling (elec)
rCold   + + +        (no shield)
rNeg    . . .        w - +4 skin of Zhor {*Englaciate rC+++ SInv}
rPois   .            v - +0 helmet
rElec   .            (no cloak)
rCorr   .            (no gloves)
SInv    +            (no boots)
Will    .....        (no amulet)
Stlth   ++           C - ring of protection from cold
HPRegen 0.28/turn    (no ring)
MPRegen 0.17/turn

%: no passive effects
@: no status effects
A: no striking features
a: no special abilities


You were on level 8 of the Dungeon.
You visited 2 branches of the dungeon, and saw 9 of its levels.

You collected 535 gold pieces.

Inventory:

Hand Weapons
 a - a +1 sling
 e - a +1 sling of electrocution (weapon)
 j - a +1 vampiric dagger
 n - a +2 short sword of speed
 s - a +0 dagger of speed
 u - a +2 dagger of venom
 y - a +0 shortbow
Missiles
 q - 3 throwing nets
Armour
 v - a +0 helmet (worn)
 w - the +4 skin of Zhor (worn) {*Englaciate rC+++ SInv}
   (You found it on level 4 of the Dungeon)

   *Englaciate: It radiates cold, occasionally slowing all nearby creatures who
   are not resistant to cold.
   rC:        It renders you almost immune to cold.
   SInv:      It lets you see invisible.
 B - a +4 ring mail
 D - the +5 robe of Misfortune {Harm *Corrode *Slow EV+5}
   (You found it on level 7 of the Dungeon)

   EV:        It affects your evasion (+5).
   *Corrode:  It may corrode you when you take damage.
   *Slow:     It may slow you when you take damage.
   Harm:      It increases damage dealt and taken.
Magical Staves
 c - a staff of air
Jewellery
 C - a ring of protection from cold (left hand)
Wands
 m - a wand of paralysis (8)
 t - a wand of roots (7)
 G - a wand of polymorph (11)
Scrolls
 b - 3 scrolls of poison
 g - 3 scrolls of enchant weapon
 k - 5 scrolls of teleportation
 o - 2 scrolls of magic mapping
 r - a scroll of noise
 x - a scroll of fog
 F - a scroll of fear {unknown}
Potions
 d - 3 potions of flight
 f - 3 potions of mutation
 h - a potion of attraction {unknown}
 i - a potion of berserk rage {unknown}
 l - 3 potions of degeneration {unknown}
 p - 9 potions of curing
 z - 2 potions of might {unknown}
 A - a potion of brilliance {unknown}


   Skills:
 - Level 2.0 Fighting
 * Level 14.0 Ranged Weapons
 - Level 1.0 Armour
 + Level 4.0 Dodging
 + Level 6.0 Spellcasting
 + Level 6.0 Hexes
 + Level 2.0 Evocations


You had 13 spell levels left.
You knew the following spells:

 Your Spells              Type           Power      Damage    Failure   Level
a - Slow                  Hex            100%       N/A       1%          1
b - Inner Flame           Hex/Fire       17%        N/A       10%         3
c - Portal Projectile     Hex/Tloc       34%        N/A       10%         3

Your spell library contained the following spells:

 Spells                   Type           Power      Damage    Failure   Level
 Cause Fear               Hex            14%        N/A       10%         4
 Lesser Beckoning         Tloc           10%        N/A       17%         2
 Gell's Gravitas          Tloc           5%         N/A       32%         3
 Ignite Poison            Fire/Tmut/Pois 5%         N/A       32%         3
 Teleport Other           Tloc           5%         N/A       32%         3
 Sticky Flame             Conj/Fire      5%         2d3       73%         4
 Ignition                 Fire           2%         3d3       100%        8


Dungeon Overview and Level Annotations

Branches:
Dungeon (8/15) Zot: 26555  Temple (1/1) D:6 Zot: 5657
   Lair: D:8-11

Altars:
Ashenzari
Cheibriados
Dithmenos
Elyvilon
Fedhas
Gozag
Kikubaaqudgha
Makhleb
Nemelex Xobeh
Okawaru
Qazlal
Ru
Sif Muna
Trog
Uskayaw
Wu Jian
Xom
Yredelemnul
Zin
The Shining One

Shops:
D:3 (   D:5 [   D:8 *


Message History

The vampire mosquito closely misses you.
The vampire mosquito barely misses you. The vampire mosquito barely misses you.
The vampire mosquito attacks as you move away!
The vampire mosquito closely misses you. x2
The vampire mosquito attacks as you move away!
The vampire mosquito misses you.
The vampire mosquito closely misses you.
The vampire mosquito completely misses you.
The vampire mosquito attacks as you move away!
The vampire mosquito bites you.
The vampire mosquito draws strength from your injuries!
The vampire mosquito barely misses you. x2
The vampire mosquito attacks as you move away!
The vampire mosquito bites you.
The vampire mosquito draws strength from your injuries!
The vampire mosquito barely misses you. The vampire mosquito bites you!
The vampire mosquito draws strength from your injuries!
The vampire mosquito bites you!
The vampire mosquito draws strength from your injuries!
The vampire mosquito bites you.
* * * LOW HITPOINT WARNING * * *
The vampire mosquito draws strength from your injuries!
Blink to where?
Press: ? - help, Dir - move target
As you read the scroll of blinking, it crumbles to dust.
Things that are here:
a +5 dire flail of freezing; a +0 robe The vampire mosquito closely misses you.
The vampire mosquito attacks as you move away!
The vampire mosquito barely misses you.
The vampire mosquito attacks as you move away!
The vampire mosquito bites you.
* * * LOW HITPOINT WARNING * * *
The vampire mosquito draws strength from your injuries!
The vampire mosquito bites you.
* * * LOW HITPOINT WARNING * * *
The vampire mosquito draws strength from your injuries!
The vampire mosquito bites you.
You die...

.........)..##########
#########+#..........#
.......#....#........#
.......#....#........#
.......#....#........#
.......#....#.y......#
.......#....#...)....#
.....####...#..yy....#
.....####...#...@....#
............###'####.#
............#.....[..#
............'........#
............#........#
............#........#
..##.##.########....##
..#####.# #....##
........# #.....# .


You could see 3 vampire mosquitoes.

Vanquished Creatures
  Sigmund (D:4)
  A wyvern (D:7)
  Eustachio (D:4)
  A water moccasin (D:7)
  2 sky beasts
  3 ogres
  3 centaurs
  2 phantoms (D:7)
  A kobold brigand (D:7)
  A bullfrog (D:7)
  2 scorpions (D:6)
  3 wights (D:8)
  A howler monkey (D:8)
  A gnoll bouda (D:7)
  4 jellies
  An orc priest (D:6)
  7 hounds
  2 iguanas
  A sleepcap (D:6)
  Natasha (thrice) (D:2)
  3 orc wizards
  Robin (D:4)
  8 gnolls
  10 adders
  3 white imps (D:7)
  2 ufetubi
  4 dart slugs
  15 orcs
  6 endoplasms
  8 giant cockroaches
  21 goblins
  8 hobgoblins
  7 jackals
  3 quokkas
  7 ball pythons
  5 bats
  4 frilled lizards
  12 kobolds
  2 rats (D:1)
170 creatures vanquished.

Notes
Turn   | Place    | Note
-------+----------+-------------------------------------------
     0 | D:1      | SacredBeard the Deep Elf Hexslinger began the quest for the
                  | Orb.
     0 | D:1      | Reached XP level 1. HP: 11/11 MP: 5/5
    80 | D:1      | Reached skill level 3 in Ranged Weapons
   204 | D:1      | Reached skill level 1 in Fighting
   204 | D:1      | Reached XP level 2. HP: 16/16 MP: 6/6
   684 | D:2      | Reached XP level 3. HP: 10/20 MP: 6/8
   691 | D:2      | Noticed Natasha
   805 | D:2      | Killed Natasha
   862 | D:2      | Reached XP level 4. HP: 25/25 MP: 9/9
   922 | D:2      | Reached skill level 4 in Ranged Weapons
   980 | D:2      | Reached skill level 1 in Armour
  1013 | D:2      | Noticed Natasha
  1018 | D:2      | Killed Natasha
  1168 | D:2      | Noticed Natasha
  1171 | D:2      | Killed Natasha
  1340 | D:3      | Learned a level 3 spell: Inner Flame
  1350 | D:3      | Learned a level 3 spell: Portal Projectile
  1459 | D:3      | Found Xiocutum's Weapon Shoppe.
  1470 | D:3      | Reached XP level 5. HP: 29/29 MP: 10/10
  1517 | D:3      | Found a faded altar of an unknown god.
  2219 | D:4      | Reached skill level 5 in Ranged Weapons
  2253 | D:4      | Reached skill level 5 in Hexes
  2368 | D:4      | Noticed Eustachio
  2372 | D:4      | Killed Eustachio
  2373 | D:4      | Reached skill level 6 in Ranged Weapons
  2373 | D:4      | Reached XP level 6. HP: 35/35 MP: 10/13
  2866 | D:4      | Noticed Sigmund
  2992 | D:4      | Killed Sigmund
  2993 | D:4      | Reached XP level 7. HP: 31/40 MP: 9/15
  3204 | D:4      | Noticed Robin
  3311 | D:4      | Reached skill level 7 in Ranged Weapons
  3343 | D:4      | Killed Robin
  3502 | D:4      | Found the +4 skin of Zhor {*Englaciate rC+++ SInv}
  3662 | D:5      | Entered Level 5 of the Dungeon
  3808 | D:5      | Reached skill level 1 in Evocations
  3907 | D:5      | Found Poinol's Armour Boutique.
  4119 | D:5      | Reached skill level 8 in Ranged Weapons
  4119 | D:5      | Reached skill level 5 in Spellcasting
  4575 | D:6      | Reached XP level 8. HP: 44/44 MP: 16/18
  4748 | D:6      | Found a staircase to the Ecumenical Temple.
  4786 | Temple   | Entered the Ecumenical Temple
  5177 | D:6      | Reached skill level 9 in Ranged Weapons
  5259 | D:6      | Reached skill level 10 in Ranged Weapons
  5813 | D:7      | Reached skill level 11 in Ranged Weapons
  5919 | D:7      | Found a glowing silver altar of Zin.
  5950 | D:7      | Reached skill level 12 in Ranged Weapons
  5970 | D:7      | Reached XP level 9. HP: 23/48 MP: 13/20
  6298 | D:7      | Found the +5 robe of Misfortune {Harm *Corrode *Slow EV+5}
  6441 | D:7      | Reached skill level 13 in Ranged Weapons
  7357 | D:8      | Found Caseg's Assorted Antiques.
  7531 | D:8      | Reached skill level 14 in Ranged Weapons
  7669 | D:8      | Slain by a vampire mosquito

Illustrated notes

Levels and vault maps discovered:
D:1:      minmay_arrival_five_plusses, layout_loops_ring, supply_closet_lemuel
D:2:      layout_rooms, uniq_natasha
D:3:      layout_basic, serial_shops, shop, chequers_ecumenical_altar_island,
          kennysheep_donut
D:4:      kennysheep_goblin_castle, layout_basic, uniq_sigmund, uniq_eustachio
D:5:      layout_loops_ring, serial_shops, nicolae_shop_pleasant_corner_grove
D:6:      layout_loops_ring, minmay_temple_entry_glass, enter_ossuary_3,
          serial_bayou_pond_d
D:7:      layout_loops_corners, grunt_decor_arrowhead, minmay_ruined_shrine
D:8:      layout_gridville, serial_shops, shop, grunt_ministairs_7
Temple:   mainiacjoe_temple_cubbyholes

Skill      XL: |  1  2  3  4  5  6  7  8  9 |
---------------+----------------------------+-----
Ranged Weapons | 3 4 6 8 12 14 | 14.0
Fighting       | 1 2 |  2.0
Spellcasting   | 2 3 4 5 6 |  6.0
Dodging        | 3 4 |  4.0
Armour         | 1 |  1.0
Hexes          | 5 6 |  6.0
Evocations     | 2 |  2.0

Action                     |  1- 3 |  4- 6 |  7- 9 || total
---------------------------+-------+-------+-------++-------
  Melee: Short sword       |       |       |    26 ||    26
         Punch             |       |       |     1 ||     1
   Fire: Sling             |    85 |   137 |   284 ||   506
   Cast: Slow              |     2 |    19 |    57 ||    78
         Inner Flame       |       |     1 |    24 ||    25
         Portal Projectile |       |       |     1 ||     1
    Use: Scroll            |       |       |    10 ||    10
 Armour: Robe              |    11 |     3 |       ||    14
         Leather armour    |       |     2 |     7 ||     9
         Animal skin       |       |       |    31 ||    31
  Dodge: Dodged            |    31 |    17 |    87 ||   135
